 Dungeon Crawl Stone Soup version 0.31.0-12-g77e489cdc1 (webtiles) character file.

Game seed: 831489635128066970

571 monsoonserge the Sneak (level 7, -6/44 HPs)
             Began as an Octopode Artificer on Mar 4, 2024.
             Mangled by a gnoll
             ... wielding a +0 halberd
             ... led by a gnoll bouda
              (12 damage)
             ... on level 4 of the Dungeon.
             The game lasted 00:10:06 (2604 turns).

monsoonserge the Sneak (Octopode Artificer)         Turns: 2604, Time: 00:10:06

Health: -6/44      AC:  1    Str: 13    XL:     7   Next: 34%
Magic:  7/7        EV: 14    Int: 13    God:
Gold:   173        SH:  0    Dex: 13    Spells: 6/6 levels left

rFire   . . .        r - +2 mace (heavy)
rCold   . . .        (no shield)
rNeg    . . .        (helmet restricted)
rPois   .            t - amulet of the acrobat
rElec   .            (no ring)
rCorr   .            (no ring)
SInv    .            (no ring)
Will    .....        (no ring)
Stlth   ++++         (no ring)
HPRegen 0.27/turn    (no ring)
MPRegen 0.10/turn    (no ring)
                     (no ring)

%: acrobat
@: weakened
A: almost no armour, amphibious, 8 rings, camouflage 1, gelatinous body 1,
(nimble swimmer 1), tentacles
a: no special abilities


You were on level 4 of the Dungeon.
You visited 1 branch of the dungeon, and saw 4 of its levels.

You collected 173 gold pieces.

Inventory:

Hand Weapons
 r - a +2 heavy mace (weapon)
Missiles
 f - 2 curare-tipped darts
 g - 4 poisoned darts (quivered)
 o - 6 darts of dispersal
Jewellery
 t - an amulet of the acrobat (around mantle)
Talismans
 p - a blade talisman
Wands
 b - a wand of flame (15)
 c - a wand of charming (10)
 d - a wand of iceblast (5)
Scrolls
 a - a scroll of brand weapon {unknown}
 e - a scroll of poison {unknown}
 h - a scroll of butterflies {unknown}
 k - a scroll of teleportation
 l - 3 scrolls of identify {unknown}
 m - 2 scrolls of blinking {unknown}
 n - a scroll of vulnerability {unknown}
Potions
 i - 3 potions of curing
 j - a potion of lignification {unknown}
 q - 3 potions of attraction {unknown}
 s - a potion of degeneration {unknown}


   Skills:
 + Level 1.8 Fighting
 - Level 1.0 Maces & Flails
 + Level 3.4 Dodging
 + Level 5.4 Stealth
 * Level 4.2 Unarmed Combat
 - Level 1.6 Summonings
 * Level 4.6 Evocations


You had 6 spell levels left.
You didn't know any spells.
Your spell library contained the following spells:

 Spells                   Type           Power      Damage    Failure   Level
 Anguish                  Hex/Necr       0%         N/A       97%         4
 Cause Fear               Hex            0%         N/A       97%         4
 Passage of Golubria      Tloc           0%         N/A       97%         4
 Silence                  Hex/Air        0%         N/A       100%        5
 Enfeeble                 Hex            0%         N/A       100%        7
 Lehudib's Crystal Spear  Conj/Erth      0%         10d2      100%        8


Dungeon Overview and Level Annotations

Branches:
Dungeon (4/15)
 Temple: D:4-7

Altars:

Shops:
D:3 [


Innate Abilities, Weirdness & Mutations

You cannot wear most types of armour.
You are amphibious.
You can wear up to eight rings at the same time.
Your skin changes colour to match your surroundings (Stealth+).
Your rubbery body absorbs attacks. (AC +1, EV +1)
((You are camouflaged when in or above water. (Stealth+)))
You have tentacles for arms and can constrict up to eight enemies at once.


Message History

The gnoll completely misses you. The gnoll bouda closely misses you.
Aiming: Charm
Press: ? - help, Shift-Dir - straight line, f/p - gnoll bouda
Aim: a gnoll bouda, wielding a +0 club and wearing a +0 leather armour (chance to affect: 61%)
The gnoll bouda resists with significant effort.
The gnoll barely misses you. The gnoll bouda completely misses you.
Aiming: Charm
Press: ? - help, Shift-Dir - straight line, f/p - gnoll bouda
Aim: a gnoll bouda, wielding a +0 club and wearing a +0 leather armour (chance to affect: 61%)
The gnoll bouda resists with significant effort.
The gnoll is no longer moving quickly. x2; The gnoll misses you.
The gnoll bouda hits you with a +0 club.
You sock the gnoll bouda! Your grab misses the gnoll bouda.
The gnoll bouda is heavily wounded.
The gnoll barely misses you.
The gnoll bouda gazes fiercely through you!
You feel your attacks grow feeble. The gnoll bouda barely misses you.
The gnoll hits you from afar with a +0 halberd!
* * * LOW HITPOINT WARNING * * *
Okay, then.
Aiming: Charm
Press: ? - help, Shift-Dir - straight line, f/p - gnoll bouda
Aim: a gnoll bouda, wielding a +0 club and wearing a +0 leather armour (heavily wounded, chance to affect: 61%)
The gnoll bouda resists with significant effort.
The gnoll barely misses you. The gnoll closely misses you.
The gnoll hits you with a +0 spear.
* * * LOW HITPOINT WARNING * * *
The gnoll bouda mumbles some strange prayers to its god.
The gnoll bouda is healed somewhat.
Aiming: Charm
Press: ? - help, Shift-Dir - straight line, f - gnoll, p - gnoll bouda
Aim: a gnoll, wielding a +0 spear (covering ground quickly, chance to affect: 69%)
The gnoll is charmed.
Your gnoll is no longer moving quickly.
The gnoll hits you from afar with a +0 halberd.
* * * LOW HITPOINT WARNING * * *
Something hits your gnoll.
The gnoll hits you from afar with a +0 halberd!
You die...

######### ### #...#...# #.#
###### #...#...# #####.#
#..... #...#...# #.....#
#.....##..g#...########.###.#
+.....''..ggg..........††...[
#.....##...#@...........###..
#.....##...#..[.........###..
#..........#................<
#..........#...############..
#..........#...# ###
#.....##...#...########
.<.....
#..............#######
...####
##.............##..... ...
..............##.....


You could see a gnoll bouda, 2 gnolls and a friendly gnoll (charmed).

Vanquished Creatures
  Sigmund (D:2)
  A black bear (D:4)
  2 bombardier beetles (D:3)
  A hound (D:4)
  A sleepcap (D:4)
  Jessica (D:2)
  2 iguanas
  Terence (D:3)
  A gnoll (D:4)
  3 adders
  A ribbon worm (D:3)
  4 orcs
  8 endoplasms
  A giant cockroach (D:2)
  4 goblins
  6 hobgoblins
  4 kobolds
  2 quokkas
  10 ball pythons
  6 bats
  A frilled lizard (D:3)
  8 rats
69 creatures vanquished.

Notes
Turn   | Place    | Note
-------+----------+-------------------------------------------
     0 | D:1      | monsoonserge the Octopode Artificer began the quest for the
                  | Orb.
     0 | D:1      | Reached XP level 1. HP: 13/13 MP: 1/1
   133 | D:1      | Reached XP level 2. HP: 18/18 MP: 2/2
   533 | D:1      | Reached skill level 1 in Unarmed Combat
   765 | D:2      | Noticed Sigmund
   781 | D:3      | Noticed a bombardier beetle
   798 | D:3      | Reached XP level 3. HP: 7/23 MP: 3/3
   952 | D:2      | Noticed Jessica
  1146 | D:2      | Killed Jessica
  1147 | D:2      | Reached skill level 1 in Maces & Flails
  1147 | D:2      | Reached skill level 2 in Stealth
  1147 | D:2      | Reached XP level 4. HP: 15/28 MP: 4/4
  1342 | D:2      | Killed Sigmund
  1343 | D:2      | Reached skill level 4 in Stealth
  1343 | D:2      | Reached skill level 1 in Summonings
  1343 | D:2      | Reached XP level 5. HP: 24/33 MP: 5/5
  1343 | D:2      | Reached XP level 6. HP: 28/38 MP: 6/6
  1881 | D:3      | Noticed Terence
  1890 | D:3      | Killed Terence
  1990 | D:3      | Found Xufemof's Armour Emporium.
  2131 | D:3      | Found a faded altar of an unknown god.
  2373 | D:4      | Reached skill level 5 in Stealth
  2373 | D:4      | Reached XP level 7. HP: 39/43 MP: 7/7
  2604 | D:4      | Mangled by a gnoll

Illustrated notes

Levels and vault maps discovered:
D:1:      dpeg_arrival_rhombi, layout_loops_ring
D:2:      layout_basic, minmay_split_cup_small, uniq_sigmund, uniq_jessica
D:3:      layout_rooms, shapermc_ecumenical_altar_mp_vishouse, serial_shops,
          nicolae_shop_statue_plus, uniq_terence
D:4:      layout_basic

Skill      XL: |  1  2  3  4  5  6  7 |
---------------+----------------------+-----
Unarmed Combat | 1 3 4 |  4.2
Maces & Flails | 1 |  1.0
Dodging        | 3 |  3.4
Stealth        | 2 4 5 |  5.4
Summonings     | 1 |  1.6
Evocations     | 4 |  4.6
Fighting       | |  1.8

Action                     |  1- 3 |  4- 6 |  7- 9 || total
---------------------------+-------+-------+-------++-------
  Melee: Club              |    10 |       |       ||    10
         Constrict         |    20 |    17 |     3 ||    40
         Dagger            |    14 |       |       ||    14
         Tentacles         |     7 |    21 |     2 ||    30
         Mace              |    37 |    37 |    10 ||    84
         Punch             |     1 |     1 |     1 ||     3
         Unarmed           |       |    32 |       ||    32
  Evoke: Wand              |       |       |     5 ||     5
    Use: Scroll            |     1 |       |       ||     1
         Potion            |       |     2 |       ||     2
   Stab: Sleeping          |     6 |     6 |     1 ||    13
 Armour: Skin              |    29 |    25 |    15 ||    69
  Dodge: Dodged            |    46 |    54 |    18 ||   118
